 Dungeon Crawl Stone Soup version 0.25-a0-578-gc91f01c39c (webtiles) character file.

Game seed: 16586069136407785355, levelgen mode: deterministic

4 MisterFreud the Charmwright (level 1, 0/10 HPs)
             Began as a Felid Skald on Mar 5, 2020.
             Slain by a leopard gecko (4 damage)
             ... on level 1 of the Dungeon.
             The game lasted 00:00:43 (89 turns).

MisterFreud the Charmwright (Felid Skald)             Turns: 89, Time: 00:00:43

Health: 0/10       AC:  1    Str:  7    XL:     1   Next: 58%
Magic:  0/4        EV: 18    Int: 14    God:
Gold:   20         SH:  0    Dex: 15    Spells: 3/4 levels left
                                        Lives:  0   Deaths: 0

rFire    . . .     SeeInvis +     - Unarmed
rCold    . . .     Gourm    .   (shield unavailable)
rNeg     . . .     Faith    .   (armour unavailable)
rPois    .         Spirit   .   (helmet unavailable)
rElec    .         Reflect  .   (cloak unavailable)
rCorr    .         Harm     .   (gloves unavailable)
MR       .....                  (boots unavailable)
Stlth    ++........             (no amulet)
HPRegen  0.03/turn              (no ring)
MPRegen  0.09/turn              (no ring)

@: infused, quick
A: very small, no armour, no weapons or thrown items, stealth, claws 1, fangs 3,
see invisible, carnivore, speed 1, shaggy fur 1, slow metabolism 1, sharp paws
a: no special abilities


You were on level 1 of the Dungeon.
You were not hungry.

You visited 1 branch of the dungeon, and saw 1 of its levels.

You collected 20 gold pieces.

Inventory:

Potions
 a - a potion of resistance {unknown}
Comestibles
 b - a ration


   Skills:
 * Level 2.4 Fighting
 - Level 3.2 Dodging
 - Level 2.0 Unarmed Combat
 - Level 2.0 Spellcasting
 - Level 3.6 Charms


You had 3 spell levels left.
You knew the following spells:

 Your Spells              Type           Power        Failure   Level  Hunger
a - Infusion              Chrm           ##..         5%          1    ##.....

Your spell library contained the following spells:

 Spells                   Type           Power        Failure   Level  Hunger
 Song of Slaying          Chrm           ##......     9%          2    ###....
 Shroud of Golubria       Chrm/Tloc      #.....       17%         2    ###....
 Ozocubu's Armour         Chrm/Ice       #.......     34%         3    ####...
 Spectral Weapon          Hex/Chrm       Unusable     N/A         3    N/A

Dungeon Overview and Level Annotations

Branches:
Dungeon (1/15)

Altars:


Innate Abilities, Weirdness & Mutations

You cannot wear armour.
You are incapable of wielding weapons or throwing items.
Your paws allow you to move quietly. (Stealth)
You have sharp claws.
You have razor-sharp teeth.
You have supernaturally acute eyesight. (SInv)
You are carnivorous and can eat meat at any time.
You cover ground quickly.
You are covered in fur. (AC +1)
You have a slow metabolism.
Your sharp claws are effective at attacking unaware monsters.


Message History

The dart slug bites you but does no damage.
You scratch the dart slug!
The dart slug is almost dead.
The leopard gecko barely misses you.
You scratch the dart slug.
You kill the dart slug!
The leopard gecko barely misses you. The dart slug misses you.
You barely miss the dart slug. The leopard gecko bites you.
You scratch the dart slug.
The dart slug is moderately wounded.
The leopard gecko barely misses you. The dart slug closely misses you.
The leopard gecko completely misses you.
You scratch the dart slug.
The dart slug is heavily wounded.
The dart slug barely misses you.
The leopard gecko completely misses you.
You scratch the dart slug but do no damage.
The dart slug is heavily wounded.
The leopard gecko bites you.
You die...

#..≈§≈..# #.≈≈≈≈≈.# #
#. #.≈≈$≈≈.# #. #.
#.≈≈>≈≈.# #.##.####
#.≈§(≈§.# #.. ....
#§≈≈§§§.# ##......#
#..≈§≈..# ....#..#
#.......## #..w.#
.........#######@##.#
...........##..†.l..#
...........##.##.####
.#..........#.##.#
.#.######.#.#.##.#
.#........#.#.##.#
.########.#.#.##..
........#.#.#####
######.)#.#.....# #


You could see a dart slug and a leopard gecko.

Vanquished Creatures
  A dart slug (D:1)
  A goblin (D:1)
  A rat (D:1)
3 creatures vanquished.

Notes
Turn   | Place    | Note
-------+----------+-------------------------------------------
     0 | D:1      | MisterFreud the Felid Skald began the quest for the Orb.
     0 | D:1      | Reached XP level 1. HP: 9/9 MP: 4/4
    89 | D:1      | Slain by a leopard gecko

Levels and vault maps discovered:
D:1:      lemuel_arrival_lava_pool, layout_basic, minmay_pentomino_w2

Action                   || total
-------------------------++-------
Melee: Unarmed           ||    12
       Bite              ||     1
 Cast: Infusion          ||     1
 Stab: Sleeping          ||     1
Armor: Skin              ||     1
Dodge: Dodged            ||    12

Table legend:
 A = Non-vault XP
 B = Vault XP
 C = Vault XP percentage of total XP
 D = Non-vault monster count
 E = Vault monster count
 F = Vault count percentage of total count
                 A         B        C        D         E       F
            +---------+---------+-------+---------+---------+-------
      Total |       7 |       0 |   0.0 |       3 |       0 |   0.0
            +---------+---------+-------+---------+---------+-------
        D:1 |       7 |       0 |   0.0 |       3 |       0 |   0.0
            +---------+---------+-------+---------+---------+-------
